 Dungeon Crawl Stone Soup version 0.13-a0-2450-ga447c6a (webtiles) character file.

463227 Grabo the Shatterer (level 23, -6/217 (219) HPs)
             Began as a Demonspawn Death Knight on July 15, 2013.
             Was the Champion of Yredelemnul.
             Killed from afar by a lich (48 damage)
             ... with a crystal spear
             ... on Level 4 of the Abyss on July 17, 2013.
             The game lasted 06:38:55 (80072 turns).

Grabo the Shatterer (Demonspawn Death Knight)      Turns: 80072, Time: 06:38:55

HP  -6/217 (219) AC 38     Str 15      XL: 23   Next: 29%
MP  38/38        EV 16     Int -2 (16) God: Yredelemnul [******]
Gold 6583        SH 24     Dex 19 (21) Spells:  3 memorised, 18 levels left

Res.Fire  : + + .   See Invis. : +   a - +7 demon whip
Res.Cold  : . . .   Warding    : .   E - +6 pearl dragon armour
Life Prot.: + . .   Conserve   : .   t - +1 shield {reflect}
Res.Poison: +       Res.Corr.  : .   g - +1 helmet {SInv}
Res.Elec. : .       Clarity    : .   j - +1 cloak {rPois}
Sust.Abil.: + .     Spirit.Shd : .   f - +2 pair of gloves {Dex+3}
Res.Mut.  : +       Stasis     : .   (boots unavailable)
Res.Rott. : .       Flight     : .   V - amulet of resist mutation
Saprovore : . . .                    Q - ring of fire
                                     L - ring of sustain abilities

@: lost intelligence, drained, very slow, very resistant to hostile
enchantments, extremely unstealthy
A: talons 3, blurry vision 1, breathe flames 1, cold resistance 1, conserve
potions, deformed body, deterioration 2, fire resistance 1, magic resistance 1,
powered by pain 3, +20% hp, spit poison 1, AC +13, Int +1, Dex -1
a: Spit Poison, Animate Dead, Recall Undead Slaves, Injury Mirror, Drain Life,
Enslave Soul, Renounce Religion, Breathe Fire
}: 2/15 runes: decaying, gossamer


You were on level 4 of the Abyss.
You worshipped Yredelemnul.
Yredelemnul was exalted by your worship.
You were full.

You visited 9 branches of the dungeon, and saw 56 of its levels.
You visited the Abyss 2 times.
You visited 1 bazaar.
You also visited: Volcano.

You collected 7214 gold pieces.
You spent 651 gold pieces at shops.

Inventory:

Hand weapons
 a - a +7,+7 demon whip (weapon)
Armour
 f - a +2 pair of gloves of dexterity (worn)
 g - a +1 helmet of see invisible (worn)
 j - a +1 cloak of poison resistance (worn)
 t - a +1 shield of reflection (worn)
 E - a +6 pearl dragon armour (worn)
Magical devices
 k - a wand of digging (7)
 n - a wand of invisibility (7)
 s - a wand of lightning (4)
 H - a wand of hasting (4)
 K - a wand of teleportation (5)
Comestibles
 d - 5 bread rations
Jewellery
 e - a +5,+4 ring of slaying
 p - an uncursed ring of protection from magic
 u - a cursed ring of sustain abilities
 y - an uncursed ring of protection from magic
 A - an uncursed ring of teleport control
 C - an uncursed ring of fire
 D - the ring "Phaz" {+Inv +Fly rElec rC-}
   (You found it on level 25 of the Dungeon)

   [ring of flight]

   It makes you vulnerable to cold.
   It insulates you from electricity.
   It lets you turn invisible.
 G - an uncursed ring of protection from cold
 L - a ring of sustain abilities (left hand)
 N - an uncursed ring of protection from cold
 Q - a ring of fire (right hand)
 V - an amulet of resist mutation (around neck)
 W - a +0,+7 ring of slaying
 Y - the amulet "Brup" {rCorr rN+ Dex-1}
   (You acquired it on level 24 of the Dungeon)

   [amulet of resist corrosion]

   It affects your dexterity (-1).
   It protects you from negative energy.
Potions
 i - 4 potions of curing
 l - a potion of might
 z - a potion of cure mutation
 B - 3 potions of speed
Miscellaneous
 c - a phial of floods
 m - a phial of floods
 q - a fan of gales
 v - a sack of spiders
 O - a phial of floods
 S - a phial of floods
 U - a fan of gales


   Skills:
 - Level 16.0(15.0) Fighting
 + Level 23.3(22.1) Maces & Flails
 - Level 14.0(13.0) Armour
 - Level 16.0(15.0) Dodging
 - Level 9.0(8.1) Shields
 - Level 7.0(6.2) Traps
 - Level 17.0(16.0) Invocations


You had 18 spell levels left.
You knew the following spells:

 Your Spells              Type           Power        Failure   Level  Hunger
a - Fire Brand            Chrm/Fire      #.........   100%        2    ###....
b - Summon Butterflies    Summ           #.......     100%        1    ##.....
c - Apportation           Tloc           #.........   100%        1    ##.....


Dungeon Overview and Level Annotations

Branches:
Dungeon (25/27)            Temple (1/1) D:4             Orc (4/4) D:10
    Elf (3/3) Orc:4          Lair (8/8) D:9           Swamp (5/5) Lair:4
 Spider (5/5) Lair:5        Slime (0/6) Lair:6       Vaults (4/5) D:16
  Blade (1/1) Vaults:4     Forest (0/5) Vaults:3

Altars:
Ashenzari
Cheibriados
Elyvilon
Fedhas
Kikubaaqudgha
Makhleb
Nemelex Xobeh
Okawaru
Sif Muna
Trog
Vehumet
Xom
Yredelemnul
Zin
the Shining One
Beogh

Shops:
D:4: ( D:14: ! Orc:2: ( Orc:4: [([+ Elf:1: [ Vaults:1: *[

Portals:
Hell: D:21 D:22 D:23 D:24 D:25
Abyss: D:22 D:23 D:24
Pandemonium: D:22 D:24
Trove: Vaults:4 (give 12 potions of heal wounds)

Annotations
Lair:3 enchant weapon scroll on teletrap


Innate Abilities, Weirdness & Mutations

You have claws for feet.
You are mostly covered in yellow scales (AC +3).
Your flesh is cold resistant.
You are very good at protecting items from cold.
A meltable icy envelope protects you from harm and freezing vapours (AC +10).
You are powered by pain.
You are very robust (+20% HP).
Your vision is a little blurry.
You can breathe flames.
Your mind is acute (Int +1).
You are clumsy (Dex -1).
Armour fits poorly on your strangely shaped body.
Your body is deteriorating.
Your flesh is heat resistant.
You are resistant to hostile enchantments.
You can spit poison.


Message History

The lich is heavily damaged.
You block the small abomination's attack.
The lich touches you but does no damage.
You block the neqoxec's attack.
A hellwing comes into view.
You hit the lich but do no damage. You claw the lich, but do no damage.
The lich is heavily damaged.
The small abomination closely misses you.
The lich points at you and mumbles some strange words.
The bolt of negative energy hits you! You partially resist.
You feel drained.
* * * LOW HITPOINT WARNING * * *
The neqoxec misses you.
The small abomination hits you but does no damage.
A naga and a smoke demon come into view.
You hit the lich but do no damage. You claw the lich.
The lich is heavily damaged.
The lich gestures at you while chanting.
The crystal spear hits you!
You die...
Your body rises from the dead as a mindless zombie.

# .. .#. ≈≈≈ .
#.##.. ≈###≈ .
#.#.≈#.... X ##
. .#.#...§≈N §#
.....#...§§♣≈≈≈≈
§≈
≈###.#..§≈≈4≈≈≈#
≈≈.#...§≈≈≈≈≈3#
≈ ≈≈...§.≈≈xL35#
#≈ .##.≈≈≈≈z@# .
.♣♣≈≈≈.### #.
≈≈≈### # #≈# .#
# .# #


You could see a lich, a hellwing, a smoke demon, a neqoxec, a naga, a small
abomination, an ufetubus and a mottled draconian skeleton.

Vanquished Creatures
  Norris (Elf:3)
  Mara (Swamp:3)
  Mennas (D:20)
  A golden dragon (D:24)
  The ghost of throttle the Bludgeoner, a great GrBe of Trog (Elf:3)
  An illusory Mara (Swamp:3)
  A bone dragon (Abyss:2)
  A tentacled monstrosity (Abyss:2)
  4 liches
  4 sphinxes
  A storm dragon (Vaults:1)
  A shadow dragon (D:24)
  Frances (Elf:3)
  2 tengu reavers
  A player illusion (Swamp:3)
  A draconian monk (Abyss:1)
  3 frost giants
  2 ghost moths (Spider:5)
  Donald (Elf:2)
  A vault warden (Vaults:2)
  6 tentacled starspawn
  3 emperor scorpions
  A fire giant (Vaults:3)
  2 deep elf sorcerers
  A cacodemon (D:25)
  2 balrugs (Abyss:1)
  28 stone giants
  A deep elf demonologist (Elf:3)
  An elemental wellspring (D:21)
  A green draconian (Abyss:1)
  3 blizzard demons
  A grey draconian (Abyss:3)
  A deep elf annihilator (Elf:3)
  A pale draconian (Abyss:1)
  A dire elephant (Lair:8)
  2 lorocyprocas
  3 ettins
  A minotaur (Volcano)
  Snorg (D:19)
  Nessos (Swamp:1)
  2 dragons
  4 vault guards (Vaults:4)
  18 yaktaur captains
  2 deep elf high priests (Elf:3)
  7 ogre magi
  Fannar (Elf:2)
  An ironheart preserver (Vaults:1)
  3 ice dragons
  Harold (D:13)
  2 great orbs of eyes
  18 hydras
  2 ravenous feature mimics
  An ice dragon (shapeshifter) (D:21)
  14 dancing weapons (Blade)
  An anaconda (Lair:8)
  5 alligators
  2 deep troll earth magi
  2 orc high priests (Elf:2)
  A spriggan druid (Lair:5)
  A deep troll shaman (D:24)
  4 rakshasas
  7 very ugly things
  An elf (shapeshifter) (Vaults:4)
  9 wretched stars
  A naga warrior (D:23)
  A soul eater (D:20)
  12 thrashing horrors
  Urug (D:11)
  3 hell hogs (Abyss:2)
  7 hell knights
  14 centaur warriors
  A storm dragon zombie (D:21)
  2 spectral elves (Elf:3)
  3 sun demons
  An unseen horror (shapeshifter) (Vaults:3)
  5 storm dragon skeletons
  8 deep elf knights
  4 iron trolls
  An ice devil (Elf:3)
  4 giant orange brains
  2 flayed ghosts
  4 deep trolls
  3 spatial maelstroms
  10 hill giants
  22 starcursed masses
  44 large abominations
  5 unseen horrors
  4 swamp dragons
  3 wizards
  Pikel (D:8)
  A fire crab (Vaults:1)
  8 ironbrand convokers
  7 harpies
  A flaming corpse (Abyss:4)
  2 giant amoebae
  10 griffons
  3 stone giant zombies
  25 wolf spiders
  11 orc knights
  10 cyclopes
  11 deep elf conjurers
  4 orc sorcerers
  7 red wasps
  An apocalypse crab (Abyss:4)
  The ghost of Grabo the Sculptor of Flesh, an experienced DsDK of Yredelemnul (D:6)
  8 spiny worms
  6 sixfirhies
  A frost giant zombie (D:21)
  2 frost giant skeletons
  A black mamba (Lair:1)
  A guardian serpent (Abyss:2)
  57 slime creatures
  3 elephants (Lair:8)
  13 stone giant skeletons
  An elephant (shapeshifter) (D:22)
  9 deep elf summoners
  A phantasmal warrior (D:21)
  3 fire giant skeletons
  Maurice (D:8)
  4 vault sentinels
  23 smoke demons
  10 spiny frogs
  A feature mimic (D:15)
  A mottled draconian zombie (Abyss:2)
  A vapour (Abyss:1)
  An item mimic (D:13)
  A yaktaur (shapeshifter) (Vaults:3)
  37 yaktaurs
  15 orange demons
  3 efreet
  A tormentor (Abyss:4)
  20 ancient zymes
  5 demonic crawlers
  A black draconian skeleton (Abyss:4)
  2 fire drakes
  2 yellow draconian skeletons
  A hell beast (Abyss:1)
  A grey draconian skeleton (Abyss:1)
  10 deep elf priests
  A mermaid (shapeshifter) (D:21)
  4 komodo dragons
  An iron devil (Vaults:3)
  A demonic crawler zombie (Abyss:1)
  6 orb spiders
  3 red devils
  A jumping spider (shapeshifter) (Elf:2)
  27 hellwings
  32 jumping spiders
  A blue devil (D:20)
  5 trolls
  A komodo dragon (shapeshifter) (D:21)
  4 iron troll skeletons
  A queen bee (D:9)
  9 two-headed ogres
  A slime creature (shapeshifter) (D:24)
  Prince Ribbit (D:6)
  A giant leech (shapeshifter) (Elf:3)
  8 giant leeches
  A wind drake (Lair:3)
  3 ravens
  5 boulder beetles
  3 baby alligators (Swamp:3)
  9 bog bodies
  2 ettin zombies
  A griffon zombie (D:18)
  11 trapdoor spiders
  A deep dwarf necromancer (Abyss:2)
  A grizzly bear (Lair:8)
  5 blink frogs
  24 tarantellas
  A snapping turtle (shapeshifter) (D:20)
  3 griffon skeletons
  4 shadows
  4 sharks
  A guardian serpent skeleton (Abyss:3)
  2 basilisks
  A stone giant simulacrum (Vaults:3)
  96 ugly things
  A vampire (D:17)
  3 ettin skeletons
  A flying skull (Lair:3)
  4 chaos spawn
  28 yaks
  34 redbacks
  A trapdoor spider (shapeshifter) (Vaults:2)
  15 ynoxinuls
  12 water elementals
  Eustachio (D:5)
  An elephant slug (Lair:6)
  Grum (D:8)
  19 deep elf magi
  27 deep elf fighters
  3 golden eyes (Abyss:2)
  A hill giant skeleton (D:9)
  2 spatial vortices
  4 hungry ghosts
  37 vampire mosquitoes
  2 rock worms
  4 wraiths
  9 neqoxecs
  3 swamp worm simulacra (Swamp:5)
  3 deep troll zombies
  33 swamp worms
  Menkaure (D:5)
  5 mottled dragons
  A spiny frog zombie (Lair:8)
  9 hippogriffs
  4 manticores
  4 wolves
  5 necrophages (Swamp:2)
  9 freezing wraiths
  15 hydra simulacra
  8 swamp drakes
  10 hell hounds
  35 small abominations
  A porcupine (Lair:4)
  3 slaves (D:8)
  33 orc warriors
  5 yellow wasps
  3 black bears
  27 centaurs
  2 deep troll skeletons
  10 ice beasts
  5 nagas
  5 sky beasts
  15 giant goldfish
  7 crocodiles
  A phantom (D:8)
  A blink frog zombie (D:14)
  A boring beetle (shapeshifter) (D:23)
  4 kobold demonologists
  2 boring beetles
  6 wargs
  16 ogres
  Sigmund (D:6)
  Duvessa (D:5)
  5 brain worms
  3 rotting devils
  3 big kobolds
  3 giant slugs
  12 giant frogs
  A komodo dragon zombie (D:14)
  3 agate snails
  20 insubstantial wisps
  An eye of draining (D:18)
  13 water moccasins
  39 killer bees
  A wyvern zombie (D:12)
  14 jellyfish
  11 wights
  A hippogriff zombie (D:8)
  A rock worm zombie (D:17)
  A yak zombie (D:15)
  A troll zombie (D:13)
  13 electric eels
  3 goliath beetles
  11 crimson imps
  A giant frog zombie (Lair:5)
  Dowan (D:6)
  2 quasits
  2 centaur skeletons (D:13)
  16 orc priests
  A basilisk zombie (D:14)
  Crazy Yiuf (D:2)
  6 hounds
  26 big fish
  A giant frog skeleton (D:7)
  13 spiders
  A warg zombie (D:10)
  9 iguanas
  4 iron imps
  8 scorpions
  A spectral orc (D:13)
  5 giant goldfish simulacra (Swamp:5)
  22 orc wizards
  24 orange rats
  A porcupine zombie (Lair:5)
  5 worker ants
  A mottled dragon zombie (D:15)
  9 sheep
  A sky beast zombie (Abyss:1)
  Ijyb (D:3)
  8 jellies
  A hound zombie (D:5)
  5 boggarts
  A worker ant zombie (D:8)
  22 green rats
  7 gnolls
  13 adders
  An adder (shapeshifter) (Elf:3)
  5 giant centipedes
  10 lemures
  A worm zombie (D:6)
  5 white imps
  4 giant mites
  4 shadow imps
  8 worms
  An inept feature mimic (D:11)
  92 ufetubi
  An adder zombie (D:10)
  A scorpion zombie (D:8)
  A giant eyeball (D:5)
  7 giant geckos
  5 oozes
  103 orcs
  2 ball pythons
  2 bat skeletons
  6 giant cockroaches
  A gnoll zombie (D:5)
  12 hobgoblins
  24 kobolds
  9 quokkas
  32 bats
  2 giant newts
  2 giant spores
  13 goblins
  A goblin skeleton (D:4)
  A hobgoblin zombie (D:8)
  9 illusory rakshasas
  21 jackals
  A lurking horror (Abyss:1)
  An orc skeleton (D:5)
  20 rats
  3 ballistomycetes
  2 crawling corpses (Elf:1)
  A fungus (Elf:1)
  A plant (Lair:7)
  3 starspawn tentacles (Abyss:2)
2302 creatures vanquished.

Vanquished Creatures (collateral kills)
  Saint Roka (Orc:4)
  A profane servitor (Blade)
  An illusory Mara (Swamp:3)
  A bone dragon (Abyss:1)
  Nikola (Swamp:1)
  Arachne (Spider:4)
  A lich (D:24)
  2 titans (D:14)
  2 deep elf blademasters (Elf:3)
  2 deep elf master archers (Elf:3)
  2 storm dragons
  2 tengu reavers
  Rupert (Elf:2)
  A shadow dragon (Vaults:4)
  Roxanne (Elf:3)
  2 ghost moths (Spider:5)
  2 frost giants (D:24)
  Maud (D:15)
  2 fire giants
  A tentacled starspawn (Abyss:1)
  Louise (Elf:3)
  An emperor scorpion (Spider:5)
  4 deep elf sorcerers (Elf:3)
  4 vault wardens
  5 elemental wellsprings (D:24)
  5 deep elf demonologists
  7 stone giants
  Azrael (D:16)
  7 deep elf annihilators (Elf:3)
  4 dire elephants (Lair:8)
  4 deep elf death magi
  3 ettins
  A vault guard (Vaults:3)
  6 dragons
  21 yaktaur captains
  A deep elf high priest (Elf:3)
  An ironheart preserver (Vaults:1)
  2 ravenous feature mimics
  2 ice dragons
  Josephine (D:16)
  8 dancing weapons (Blade)
  Erica (D:16)
  9 hydras
  5 alligators
  3 deep troll earth magi
  A death yak (Lair:8)
  3 ogre magi
  2 deep troll shamans
  4 orc high priests
  7 very ugly things
  2 thrashing horrors
  A spectral elf (Elf:3)
  A fire crab (D:24)
  17 centaur warriors
  Nergalle (D:13)
  2 storm dragon zombies (D:21)
  An ice devil (Elf:3)
  2 soul eaters
  2 fire crabs (shapeshifter)
  3 sun demons
  5 deep elf knights
  2 iron trolls
  A spatial maelstrom (Abyss:1)
  3 hell knights (D:25)
  2 flayed ghosts
  2 large abominations
  A wizard (Vaults:1)
  2 unseen horrors
  An orc sorcerer (Orc:3)
  Joseph (D:10)
  18 orc knights
  6 deep trolls
  A shining eye (shapeshifter) (D:24)
  A spiny worm (Vaults:3)
  3 hill giants
  4 deep elf conjurers
  A harpy (D:22)
  14 wolf spiders
  A frost giant zombie (Vaults:1)
  A wolf spider zombie (Vaults:1)
  2 giant amoebae
  A cyclops (shapeshifter) (D:16)
  An ironbrand convoker (Vaults:2)
  4 stone giant zombies
  3 cyclopes
  A harpy (shapeshifter) (Vaults:1)
  3 griffons
  An iron dragon skeleton (D:24)
  2 fire giant skeletons (D:24)
  5 vault sentinels
  3 red wasps
  6 elephants
  7 deep elf summoners
  2 phantasmal warriors (D:24)
  10 stone giant skeletons
  2 sixfirhies
  An elephant (shapeshifter) (D:24)
  A tormentor (D:24)
  2 orange demons (Elf:3)
  Psyche (D:10)
  11 spiny frogs
  2 feature mimics
  A smoke demon (Abyss:2)
  8 demonic crawlers
  An iron troll zombie (D:22)
  A purple draconian skeleton (Abyss:4)
  4 iron devils
  23 yaktaurs
  A hellwing (Elf:3)
  A giant leech (Swamp:2)
  Grinder (D:3)
  A troll (shapeshifter) (Vaults:4)
  3 deep elf priests
  A naga mage (Vaults:2)
  11 orb spiders
  A hydra zombie (D:16)
  A spriggan (Lair:2)
  5 two-headed ogres
  11 jumping spiders
  Sonja (Orc:2)
  A red devil (Elf:3)
  4 trolls
  3 blink frogs
  2 blue devils
  A bog body (Swamp:2)
  4 boulder beetles
  2 flying skulls (Lair:3)
  11 slime creatures
  2 komodo dragons
  An ettin zombie (D:22)
  5 ynoxinuls
  4 trapdoor spiders
  34 ugly things
  A wraith (D:16)
  12 vampire mosquitoes
  19 water elementals
  10 tarantellas
  A basilisk (Lair:2)
  3 fire elementals (D:16)
  A hill giant zombie (D:16)
  20 yaks
  19 redbacks
  A vampire (D:22)
  6 sharks
  A wyvern (D:14)
  An elephant slug (D:9)
  A clay golem (Vaults:2)
  8 deep elf fighters
  3 hippogriffs
  7 deep elf magi
  2 neqoxecs
  A rock worm (Elf:1)
  A hell beast (Elf:3)
  2 golden eyes (shapeshifter)
  3 swamp worms
  2 hydra simulacra (Swamp:5)
  11 wolves
  A deep troll zombie (D:22)
  2 swamp drakes
  A manticore (shapeshifter) (Vaults:4)
  2 mottled dragons (D:16)
  A soldier ant (D:16)
  2 freezing wraiths
  A manticore (D:14)
  2 hell hounds (D:16)
  4 deep troll skeletons
  A small abomination (Abyss:1)
  A slave (D:8)
  2 porcupines
  32 orc warriors
  A tengu (Lair:6)
  3 nagas (Vaults:2)
  3 ice beasts
  A kobold demonologist (D:25)
  A lost soul (Elf:3)
  6 giant goldfish
  13 ogres
  A naga (shapeshifter) (D:20)
  2 sky beasts
  3 centaurs
  A fire crab zombie (Vaults:1)
  7 crocodiles
  3 rotting devils
  2 brain worms (Abyss:4)
  7 wargs
  4 giant slugs
  5 giant frogs
  5 yaktaur skeletons
  A wyvern skeleton (D:14)
  5 killer bees
  2 water moccasins
  A killer bee (shapeshifter) (D:22)
  4 agate snails
  A cyclops skeleton (D:16)
  6 insubstantial wisps (Swamp:2)
  4 wights
  2 jellyfish
  A quasit (Elf:3)
  6 electric eels
  8 crimson imps
  13 spiders
  2 big fish
  2 goliath beetles
  A scorpion (Lair:5)
  14 orc priests
  4 hounds
  20 orc wizards
  6 iron imps
  2 worker ants (D:10)
  10 spectral orcs (D:13)
  An iguana (Lair:2)
  5 orange rats
  A mottled dragon zombie (D:16)
  5 sheep
  4 boggarts
  9 jellies
  A lemure (Elf:1)
  3 adders
  9 green rats
  3 white imps
  4 giant centipedes
  4 worms
  3 shadow imps
  22 ufetubi
  An iguana skeleton (D:11)
  A giant gecko (Lair:2)
  8 oozes (Lair:8)
  111 orcs
  5 bats
  2 giant cockroaches
  5 goblins
  5 hobgoblins
  8 jackals
  4 kobolds
  2 quokkas
  A lurking horror (Abyss:4)
  A rat (Lair:2)
  A bush (Lair:8)
  3 crawling corpses (Elf:3)
  13 fungi
  10 plants
1101 creatures vanquished.

Vanquished Creatures (others)
  2 profane servitors
  5 bone dragons
  5 ghouls
  An azure jelly (Swamp:5)
  A vault warden (Vaults:1)
  5 death cobs
  A spectral deep dwarf (Spider:5)
  A spectral guardian serpent (Vaults:1)
  A centaur warrior (Vaults:1)
  An ogre mage (D:24)
  A spectral spriggan (D:18)
  6 skeletal warriors
  5 flayed ghosts
  A deep elf conjurer (Elf:1)
  2 large abominations (Abyss:4)
  8 flaming corpses
  5 phantasmal warriors
  A griffon (Vaults:1)
  2 hell hog zombies (Abyss:2)
  A spectral deep troll (D:25)
  A dire elephant zombie (Lair:8)
  A spiny frog (Swamp:5)
  A yaktaur (D:24)
  A swamp worm zombie (Swamp:1)
  8 yaktaur zombies
  A redback zombie (Spider:1)
  2 hydra zombies (Swamp:1)
  A jumping spider zombie (Spider:1)
  A red wasp zombie (D:24)
  An alligator zombie (Swamp:1)
  An alligator skeleton (Swamp:1)
  A deep elf mage (Elf:1)
  A flying skull (Lair:2)
  3 ugly thing zombies
  An air elemental (Vaults:3)
  A redback (Elf:1)
  6 water elementals
  2 wraiths
  2 spriggan skeletons (D:13)
  3 deep elf fighters
  A neqoxec (Abyss:4)
  A vampire mosquito (Swamp:1)
  A swamp worm (Swamp:5)
  A deep troll zombie (D:25)
  A hydra simulacrum (Swamp:5)
  A necrophage (Swamp:2)
  3 small abominations
  4 freezing wraiths
  2 swamp drakes (Swamp:5)
  A spiny frog zombie (Lair:1)
  2 orc warriors (Vaults:1)
  2 centaur zombies
  An elephant zombie (Lair:8)
  2 centaur skeletons
  5 vampire mosquito zombies
  A manticore zombie (D:11)
  2 cyclops zombies (D:11)
  7 hell hound zombies
  An orb spider zombie (Spider:1)
  2 shark zombies (D:11)
  A hippogriff zombie (Lair:8)
  An elf zombie (Elf:3)
  A giant goldfish zombie (Lair:8)
  A jellyfish (Swamp:5)
  A boulder beetle zombie (Vaults:1)
  3 wolf zombies
  A black bear zombie (D:9)
  An electric eel (Swamp:4)
  A giant frog zombie (Lair:3)
  2 wolf skeletons
  A two-headed ogre zombie (D:14)
  A bog body skeleton (Swamp:2)
  2 elf skeletons (Elf:1)
  A spider (D:10)
  2 warg zombies
  2 water moccasin zombies
  A two-headed ogre skeleton (Vaults:4)
  An orange rat (Elf:1)
  2 orc wizards
  17 killer bee zombies
  A brain worm zombie (Abyss:2)
  A crocodile zombie (Lair:8)
  4 ogre zombies
  2 human zombies (D:8)
  A boggart (Vaults:2)
  A spectral orc (Orc:3)
  2 necrophage skeletons (Swamp:2)
  A naga zombie (Vaults:2)
  4 mummies
  A lemure (Elf:1)
  2 swamp drake skeletons (Swamp:1)
  A big fish skeleton (Swamp:2)
  A giant mite (D:15)
  A goliath beetle zombie (Lair:1)
  An ufetubus (Abyss:2)
  An iguana zombie (D:8)
  4 sheep zombies
  An adder zombie (D:3)
  A giant centipede zombie (Lair:1)
  A bat zombie (D:6)
  2 gnoll zombies
  A green rat zombie (Lair:3)
  A giant cockroach zombie (D:2)
  3 jackal zombies
  A kobold (D:3)
  3 kobold zombies
  A lurking horror (Abyss:2)
  An orc (Vaults:3)
  An orc skeleton (Orc:1)
  24 orc zombies
  A rat (D:1)
  13 fungi
  11 plants
  15 starspawn tentacles
  26 starspawn tentacle segments
314 creatures vanquished.

Grand Total: 3717 creatures vanquished

Notes
Turn   | Place    | Note
--------------------------------------------------------------
     0 | D:1      | Grabo, the Demonspawn Death Knight, began the quest for the Orb.
     0 | D:1      | Reached XP level 1. HP: 16/16 MP: 2/2
   349 | D:1      | Noticed an ogre
   349 | D:1      | Noticed an ogre
   349 | D:1      | Noticed an ogre
   351 | D:1      | Noticed an ogre
   351 | D:1      | Gained mutation: Your flesh is cold resistant. [demonic ancestry]
   351 | D:1      | Reached XP level 2. HP: 22/22 MP: 4/4
   449 | D:1      | Reached skill level 4 in Invocations
  1084 | D:1      | Reached XP level 3. HP: 23/27 MP: 6/6
  1467 | D:1      | Acquired Yredelemnul's second power
  2128 | D:2      | Gained mutation: You are very good at protecting items from cold. [demonic ancestry]
  2128 | D:2      | Reached XP level 4. HP: 25/34 MP: 8/8
  2192 | D:2      | Noticed Crazy Yiuf
  2215 | D:2      | Killed Crazy Yiuf
  2447 | D:3      | Noticed Ijyb
  2494 | D:3      | Killed Ijyb
  2494 | D:3      | Reached skill level 5 in Invocations
  2535 | D:3      | Gained mutation: You are partially covered in yellow scales (AC +2). [demonic ancestry]
  2535 | D:3      | Reached XP level 5. HP: 37/39 MP: 10/10
  2786 | D:3      | Gained mutation: Your flesh is heat resistant. [potion of beneficial mutation]
  2787 | D:3      | Gained mutation: You can spit poison. [potion of beneficial mutation]
  2811 | D:3      | Noticed Grinder
  2825 | D:3      | Paralysed by Grinder for 6 turns
  2858 | D:3      | Killed Grinder
  2858 | D:3      | Reached XP level 6. HP: 6/45 MP: 12/12
  3410 | D:4      | Reached skill level 5 in Maces & Flails
  3470 | D:4      | Reached skill level 6 in Invocations
  3482 | D:4      | Found Golacy's Weapon Emporium.
  3496 | D:4      | Acquired Yredelemnul's third power
  3597 | D:4      | Found a staircase to the Ecumenical Temple.
  3857 | D:4      | Found a snail-covered altar of Cheibriados.
  3857 | D:4      | Found a glowing golden altar of the Shining One.
  3952 | Temple   | Entered the Ecumenical Temple
  4051 | D:5      | Entered Level 5 of the Dungeon
  4098 | D:5      | Gained mutation: You are mostly covered in yellow scales (AC +3). [demonic ancestry]
  4098 | D:5      | Reached XP level 7. HP: 35/50 MP: 15/15
  4183 | D:5      | Paralysed by a giant eyeball for 3 turns
  4189 | D:5      | Paralysed by a giant eyeball for 3 turns
  4424 | D:5      | Found a blossoming altar of Fedhas.
  4815 | D:5      | Noticed Eustachio
  4855 | D:5      | Killed Eustachio
  4855 | D:5      | Reached skill level 7 in Invocations
  5107 | D:5      | Noticed Menkaure
  5118 | D:5      | Killed Menkaure
  5400 | D:6      | Noticed Dowan
  5401 | D:6      | Noticed Duvessa
  5406 | D:6      | Killed Dowan
  5406 | D:6      | Reached XP level 8. HP: 53/57 MP: 18/18
  5439 | D:5      | Killed Duvessa
  5439 | D:5      | Reached skill level 8 in Invocations
  5768 | D:6      | Noticed Sigmund
  5986 | D:6      | Killed Sigmund
  6147 | D:6      | Noticed Prince Ribbit
  6152 | D:6      | Killed Prince Ribbit
  6152 | D:6      | Reached skill level 9 in Invocations
  6284 | D:6      | Acquired Yredelemnul's fourth power
  6285 | D:6      | Noticed Grabo's ghost (experienced DsDK)
  6377 | D:6      | Killed Grabo's ghost
  6377 | D:6      | Gained mutation: You have sharp toenails. [demonic ancestry]
  6377 | D:6      | Reached XP level 9. HP: 27/62 MP: 21/21
  6804 | D:6      | Reached skill level 10 in Maces & Flails
  6979 | D:6      | Gained mutation: You are resistant to hostile enchantments. [mutagenic meat]
  7200 | D:7      | Found a shattered altar of Ashenzari.
  7277 | D:7      | Received a gift from Yredelemnul
  7954 | D:8      | Received a gift from Yredelemnul
  8286 | D:8      | Reached skill level 11 in Maces & Flails
  8479 | D:8      | Noticed Grum
  8696 | D:8      | Killed Grum
  9021 | D:8      | Your ally Grum died
  9918 | D:7      | Reached XP level 10. HP: 68/68 MP: 22/22
  9955 | D:8      | Received a gift from Yredelemnul
 10032 | D:8      | Noticed Maurice
 10113 | D:8      | Killed Maurice
 10113 | D:8      | Reached skill level 12 in Maces & Flails
 10231 | D:8      | Noticed Pikel
 10248 | D:8      | Killed Pikel
 10257 | D:8      | Received a gift from Yredelemnul
 10962 | D:8      | Your ally Maurice died
 11190 | D:9      | Reached skill level 13 in Maces & Flails
 11194 | D:9      | Reached skill level 1 in Armour
 11578 | D:9      | Noticed an elephant
 11583 | D:9      | Found a staircase to the Lair.
 11597 | D:9      | Received a gift from Yredelemnul
 11600 | D:9      | Killed an elephant
 11639 | Lair:1   | Entered Level 1 of the Lair of Beasts
 11867 | D:9      | Reached XP level 11. HP: 60/77 MP: 23/23
 11878 | D:9      | Reached skill level 5 in Fighting
 11912 | D:9      | Acquired Yredelemnul's fifth power
 12126 | D:10     | Entered Level 10 of the Dungeon
 12126 | D:10     | Noticed Psyche
 12179 | D:10     | Killed an unseen horror
 12190 | D:10     | Killed Psyche
 12192 | D:10     | Reached skill level 5 in Armour
 12623 | D:10     | Noticed Joseph
 12638 | D:10     | Killed Joseph
 13001 | D:10     | Found a staircase to the Orcish Mines.
 13411 | Lair:1   | Noticed a black mamba
 13420 | Lair:1   | Killed a black mamba
 13582 | Lair:1   | Received a gift from Yredelemnul
 14008 | Lair:2   | Received a gift from Yredelemnul
 14469 | Lair:3   | Reached XP level 12. HP: 80/90 MP: 25/25
 14524 | Lair:3   | Received a gift from Yredelemnul
 15829 | Lair:4   | Found a staircase to the Swamp.
 16415 | Lair:4   | Noticed an eight-headed hydra
 16434 | Lair:4   | Killed an eight-headed hydra
 16731 | Lair:4   | Noticed an eight-headed hydra
 16738 | Lair:4   | Killed an eight-headed hydra
 16896 | Lair:4   | Received a gift from Yredelemnul
 17194 | Lair:5   | Noticed a five-headed hydra
 17199 | Lair:5   | Killed a five-headed hydra
 17489 | Lair:5   | Found a hole to the Spider Nest.
 17617 | Lair:5   | Received a gift from Yredelemnul
 17772 | Lair:5   | Reached skill level 10 in Fighting
 17856 | Lair:5   | Noticed a spriggan druid
 17872 | Lair:5   | Killed a spriggan druid
 17872 | Lair:5   | Reached skill level 1 in Shields
 18292 | Lair:6   | Found a staircase to the Slime Pits.
 18292 | Lair:6   | Noticed an acid blob
 18854 | Lair:6   | Received a gift from Yredelemnul
 19568 | Lair:7   | Noticed a six-headed hydra
 19580 | Lair:7   | Killed a seven-headed hydra
 19803 | Lair:7   | Received a gift from Yredelemnul
 19952 | Lair:7   | Reached skill level 10 in Armour
 20324 | Lair:8   | Entered Level 8 of the Lair of Beasts
 20341 | Lair:8   | Received a gift from Yredelemnul
 20486 | Lair:8   | Reached skill level 5 in Shields
 20628 | Lair:8   | Reached skill level 1 in Traps
 20628 | Lair:8   | Gained mutation: You have razor-sharp toenails. [demonic ancestry]
 20628 | Lair:8   | Reached XP level 13. HP: 19/98 MP: 25/25
 20810 | Lair:8   | Found a dark tunnel.
 20844 | Volcano  | Entered a volcano
 21513 | Lair:8   | Received a gift from Yredelemnul
 21963 | Lair:8   | Noticed an anaconda
 21973 | Lair:8   | Killed an anaconda
 21980 | Lair:8   | Noticed a dire elephant
 21980 | Lair:8   | Noticed a dire elephant
 21989 | Lair:8   | Killed a dire elephant
 21995 | Lair:8   | Killed a dire elephant
 21995 | Lair:8   | Killed a dire elephant
 22367 | Lair:8   | Noticed a dire elephant
 22377 | Lair:8   | Killed a dire elephant
 22658 | Lair:8   | Received a gift from Yredelemnul
 22772 | Lair:8   | Noticed a dire elephant
 22782 | Lair:8   | Killed a dire elephant
 22984 | Lair:8   | Reached skill level 5 in Traps
 23314 | Orc:1    | Entered Level 1 of the Orcish Mines
 23888 | Orc:2    | Noticed Sonja
 23902 | Orc:2    | Killed Sonja
 24003 | Orc:2    | Found Koucaufo's Antique Weapon Boutique.
 24109 | Orc:2    | Received a gift from Yredelemnul
 24328 | Orc:1    | Received a gift from Yredelemnul
 24585 | Orc:4    | Entered Level 4 of the Orcish Mines
 24873 | Orc:4    | Received a gift from Yredelemnul
 24912 | Orc:4    | Found a roughly hewn altar of Beogh.
 24929 | Orc:4    | Found Qabesyev's Armour Shop.
 24967 | Orc:4    | Found a staircase to the Elven Halls.
 24971 | Orc:4    | Found a roughly hewn altar of Beogh.
 25055 | Orc:4    | Received a gift from Yredelemnul
 25059 | Orc:4    | Noticed Saint Roka
 25068 | Orc:4    | Reached skill level 10 in Invocations
 25078 | Orc:4    | Killed Saint Roka
 25183 | Orc:4    | Found a roughly hewn altar of Beogh.
 25183 | Orc:4    | Found Qocui's Antique Weapon Shop.
 25199 | Orc:4    | Found Laoxkuyc's Antique Armour Boutique.
 25216 | Orc:4    | Bought a pair of embroidered gloves for 43 gold pieces
 25335 | Orc:4    | Received a gift from Yredelemnul
 25442 | Orc:4    | Received a gift from Yredelemnul
 25516 | Orc:4    | Found Ynuat's Book Shop.
 25516 | Orc:4    | Found a roughly hewn altar of Beogh.
 25665 | Orc:4    | Found a roughly hewn altar of Beogh.
 25812 | Orc:4    | Received a gift from Yredelemnul
 25907 | Orc:3    | Noticed an orc warlord
 25915 | Orc:4    | Killed an orc warlord
 25915 | Orc:4    | Enslaved an orc warlord
 26442 | D:11     | Noticed Urug
 26460 | D:11     | Killed Urug
 26682 | D:11     | Reached XP level 14. HP: 105/105 MP: 28/28
 28308 | D:11     | Received a gift from Yredelemnul
 28462 | D:11     | Received a gift from Yredelemnul
 29411 | D:13     | Noticed Harold
 29421 | D:13     | Killed Harold
 29736 | D:13     | Noticed Erolcha
 29747 | D:13     | Killed Erolcha
 29747 | D:13     | Enslaved Erolcha
 29883 | D:13     | Gained mutation: Your muscles are strong (Str +1). [mutagenic meat]
 29884 | D:13     | Gained mutation: Your muscles are strong (Str +2). [mutagenic meat]
 29990 | D:13     | Noticed Nergalle
 30006 | D:13     | Killed Nergalle
 30258 | D:14     | Entered Level 14 of the Dungeon
 30329 | D:14     | Reached skill level 14 in Maces & Flails
 30666 | D:14     | Received a gift from Yredelemnul
 30969 | D:14     | Found Nidgher's Distillery.
 30983 | D:14     | Bought a potion of invisibility for 88 gold pieces
 30986 | D:14     | Identified a scroll of acquirement
 30988 | D:14     | Got an encrusted morningstar
 30990 | D:14     | Identified the +0,+0 morningstar "Shiemoet" {crush, Str+3 Int+4} (You acquired it on level 14 of the Dungeon)
 31025 | D:14     | Noticed a titan
 31034 | D:14     | Noticed a titan
 31040 | D:14     | Killed a titan
 31043 | D:14     | Killed a titan
 31064 | D:14     | Got a warped chain mail
 31101 | D:14     | Gained mutation: You are robust (+10% HP). [mutagenic meat]
 31105 | D:14     | Identified the cursed +5 chain mail of the World {Dex+3 Int-3} (You found it on level 14 of the Dungeon)
 31743 | D:15     | Entered Level 15 of the Dungeon
 32929 | D:15     | Reached skill level 15 in Maces & Flails
 32962 | D:15     | Noticed Maud
 33158 | D:15     | Killed Maud
 33446 | D:16     | Noticed Erica
 33449 | D:16     | Killed Erica
 33604 | D:16     | Noticed Aizul
 33612 | D:16     | Killed Aizul
 33612 | D:16     | Enslaved Aizul
 33612 | D:16     | Your ally Erolcha died
 33772 | D:16     | Killed Josephine
 34062 | D:16     | Gained mutation: You have claws for feet. [demonic ancestry]
 34062 | D:16     | Reached XP level 15. HP: 106/122 MP: 31/31
 34167 | D:16     | Noticed Azrael
 34184 | D:16     | Killed Azrael
 34323 | D:16     | Found a staircase to the Vaults.
 34332 | Vaults:1 | Entered Level 1 of the Vaults
 34361 | Vaults:1 | Found Crawyi's General Store.
 34366 | Vaults:1 | Found Zenneo Caani's Armour Emporium.
 34377 | Vaults:1 | Bought a +0 helmet of see invisible for 170 gold pieces
 34397 | Vaults:1 | Found a flickering gateway to a bazaar.
 34417 | Bazaar   | Entered a bazaar
 34429 | Bazaar   | Found Shraide's Food Shoppe.
 34430 | Bazaar   | Found Xomarph's Weapon Shoppe.
 34438 | Bazaar   | Bought a meat ration for 36 gold pieces
 34438 | Bazaar   | Bought a bread ration for 36 gold pieces
 34438 | Bazaar   | Bought a bread ration for 36 gold pieces
 34479 | Bazaar   | Found Frezahew's Antique Weapon Emporium.
 34479 | Bazaar   | Found Stesusch's Assorted Antiques.
 34497 | Bazaar   | Bought a runed morningstar for 80 gold pieces
 34511 | Bazaar   | Bought a potion of mutation for 87 gold pieces
 34814 | Vaults:1 | Received a gift from Yredelemnul
 34815 | Vaults:1 | Your ally Aizul died
 35145 | Vaults:1 | Noticed a storm dragon
 35155 | Vaults:1 | Killed a storm dragon
 35155 | Vaults:1 | Reached skill level 16 in Maces & Flails
 35875 | Vaults:1 | Upgraded the game from 0.13-a0-2398-gfa67c8a to 0.13-a0-2417-g818e1a6
 36384 | Vaults:1 | Noticed a storm dragon
 36394 | Vaults:1 | Killed a storm dragon
 36902 | Vaults:1 | Gained mutation: You have a pair of small antennae on your head. [mutagenic meat]
 37210 | Vaults:1 | Reached skill level 17 in Maces & Flails
 37237 | Vaults:1 | Reached skill level 1 in Dodging
 38130 | Vaults:2 | Received a gift from Yredelemnul
 38515 | Vaults:2 | Received a gift from Yredelemnul
 38915 | Vaults:2 | Gained mutation: You sometimes gain a little power by taking damage. [demonic ancestry]
 38915 | Vaults:2 | Reached XP level 16. HP: 56/133 MP: 31/31
 38919 | Vaults:2 | Reached skill level 5 in Dodging
 40091 | Swamp:1  | Entered Level 1 of the Swamp
 40234 | Swamp:1  | Received a gift from Yredelemnul
 40738 | Swamp:1  | Noticed Nessos
 41875 | Swamp:1  | Noticed Nikola
 41885 | Swamp:1  | Killed Nikola
 41906 | Swamp:1  | Killed Nessos
 42781 | Swamp:2  | Noticed Jorgrun
 42821 | Swamp:2  | Killed Jorgrun
 42821 | Swamp:2  | Enslaved Jorgrun
 43290 | Swamp:3  | Noticed Mara
 43303 | Swamp:3  | Noticed Mara
 43303 | Swamp:3  | Noticed Mara
 43318 | Swamp:3  | Killed Mara
 43714 | Swamp:3  | Noticed Grabo's illusion
 43722 | Swamp:3  | Noticed Mara
 43722 | Swamp:3  | Noticed Mara
 43730 | Swamp:3  | Killed Grabo's illusion
 43738 | Swamp:3  | Killed Mara
 43747 | Swamp:3  | Killed Mara
 44151 | Swamp:3  | Received a gift from Yredelemnul
 45651 | Swamp:5  | Entered Level 5 of the Swamp
 45657 | Swamp:5  | Received a gift from Yredelemnul
 46794 | Swamp:5  | Reached XP level 17. HP: 128/145 MP: 32/32
 47314 | Swamp:5  | Got a decaying rune of Zot
 47886 | Spider:1 | Entered Level 1 of the Spider Nest
 47893 | Spider:1 | Received a gift from Yredelemnul
 48057 | Spider:1 | Got a distressingly furry ring mail
 48058 | Spider:1 | Identified the cursed +0 ring mail of Surprise {rF+ Dex+3} (You found it on level 1 of the Spider Nest)
 48169 | Spider:1 | Received a gift from Yredelemnul
 48767 | Spider:2 | Received a gift from Yredelemnul
 48880 | Spider:2 | Reached skill level 10 in Dodging
 48920 | Spider:2 | Received a gift from Yredelemnul
 49438 | Spider:3 | Received a gift from Yredelemnul
 49597 | Spider:3 | Received a gift from Yredelemnul
 50161 | Spider:4 | Noticed Arachne
 50173 | Spider:4 | Killed Arachne
 50225 | Spider:4 | Received a gift from Yredelemnul
 50698 | Spider:5 | Entered Level 5 of the Spider Nest
 50713 | Spider:5 | Received a gift from Yredelemnul
 51135 | Spider:5 | Reached skill level 15 in Fighting
 51144 | Spider:5 | Received a gift from Yredelemnul
 51348 | Spider:5 | Received a gift from Yredelemnul
 51358 | Spider:5 | Your ally Jorgrun died
 51804 | Spider:5 | Received a gift from Yredelemnul
 51973 | Spider:5 | Got a gossamer rune of Zot
 52430 | Elf:1    | Entered Level 1 of the Elven Halls
 52468 | Elf:1    | Received a gift from Yredelemnul
 52757 | Elf:1    | Gained mutation: A meltable icy envelope protects you from harm and freezing vapours (AC +10). [demonic ancestry]
 52757 | Elf:1    | Reached XP level 18. HP: 159/159 MP: 33/33
 53096 | Elf:1    | Found Etiesm's Antique Armour Boutique.
 53104 | Elf:1    | Bought a shiny buckler for 75 gold pieces
 53741 | Elf:1    | Cast into the Abyss (a Zot trap)
 54797 | Abyss:2  | Noticed a bone dragon
 54843 | Abyss:2  | Killed a bone dragon
 55055 | Abyss:2  | Found a shattered altar of Ashenzari.
 55525 | Abyss:2  | Paralysed by accursed screaming for 1 turns
 55553 | Abyss:2  | Gained mutation: Your vision is a little blurry. [a neqoxec]
 55560 | Abyss:2  | Lost mutation: Your muscles are strong (Str +2). [a neqoxec]
 56022 | Elf:1    | Escaped the Abyss
 56533 | Elf:2    | Received a gift from Yredelemnul
 56789 | Elf:2    | Noticed Rupert
 56813 | Elf:2    | Killed Rupert
 56878 | Elf:2    | Noticed Donald
 56894 | Elf:2    | Killed Donald
 57223 | Elf:2    | Noticed Fannar
 57234 | Elf:2    | Killed Fannar
 57336 | Elf:3    | Entered Level 3 of the Elven Halls
 57660 | Elf:3    | Gained mutation: You sometimes gain power by taking damage. [demonic ancestry]
 57660 | Elf:3    | Reached XP level 19. HP: 162/168 MP: 32/33
 57707 | Elf:3    | Received a gift from Yredelemnul
 58661 | Elf:3    | Got a twitching sapphire amulet
 58695 | Elf:3    | Identified the amulet "Thepywo" {Ward -Tele} (You found it on level 3 of the Elven Halls)
 58776 | Elf:3    | Noticed Frances
 58797 | Elf:3    | Killed Frances
 59217 | Elf:3    | Found a shimmering altar of Xom.
 59227 | Elf:3    | Noticed throttle's ghost (great GrBe)
 59238 | Elf:3    | Received a gift from Yredelemnul
 59240 | Elf:3    | Killed throttle's ghost
 59397 | Elf:3    | Noticed Norris
 59418 | Elf:3    | Killed Norris
 59486 | Elf:3    | Noticed Louise
 59495 | Elf:3    | Noticed Roxanne
 59499 | Elf:3    | Killed Louise
 59505 | Elf:3    | Killed Roxanne
 59520 | Elf:3    | Gained mutation: Your muscles are strong (Str +2). [potion of beneficial mutation]
 59821 | Elf:3    | Identified a +7 rod of venom (10/10) (You found it on level 3 of the Elven Halls)
 60665 | Vaults:3 | Received a gift from Yredelemnul
 60728 | Vaults:3 | Received a gift from Yredelemnul
 61149 | Vaults:3 | Gained mutation: Your mind is acute (Int +1). [mutagenic meat]
 61350 | Vaults:3 | Gained mutation: Your spells are a little harder to cast, but a little more powerful. [mutagenic meat]
 61647 | Vaults:3 | Lost mutation: Your spells are a little harder to cast, but a little more powerful. [mutagenic meat]
 61813 | Vaults:3 | Received a gift from Yredelemnul
 62093 | Vaults:3 | Found an iron altar of Okawaru.
 62159 | Vaults:3 | Found a staircase to the Enchanted Forest.
 62293 | Vaults:3 | Received a gift from Yredelemnul
 62527 | Vaults:4 | Gained mutation: You are clumsy (Dex -1). [mutagenic meat]
 62529 | Vaults:4 | Gained mutation: Your digestive system is specialised to digest meat. [mutagenic meat]
 62533 | Vaults:4 | Gained mutation: You have a pair of antennae on your head. [mutagenic meat]
 62534 | Vaults:4 | Lost mutation: Your muscles are strong (Str +2). [mutagenic meat]
 62707 | Vaults:4 | Found a staircase to the Hall of Blades.
 62713 | Vaults:4 | Received a gift from Yredelemnul
 62733 | Vaults:4 | Gained mutation: You are powered by pain. [demonic ancestry]
 62733 | Vaults:4 | Reached XP level 20. HP: 141/177 MP: 34/34
 63016 | Vaults:4 | Received a gift from Yredelemnul
 63165 | Vaults:4 | Received a gift from Yredelemnul
 63183 | Vaults:4 | Lost mutation: Your digestive system is specialised to digest meat. [mutagenic meat]
 63509 | Vaults:4 | Reached skill level 15 in Dodging
 63520 | Vaults:4 | Received a gift from Yredelemnul
 64045 | Vaults:4 | Found a portal to a secret trove of treasure.
 64141 | Blade    | Entered the Hall of Blades
 64190 | Blade    | Reached skill level 18 in Maces & Flails
 65404 | Lair:1   | Gained mutation: You are clumsy (Dex -2). [potion of mutation]
 65404 | Lair:1   | Gained mutation: You occasionally shout uncontrollably. [potion of mutation]
 65568 | Lair:2   | Learned a level 2 spell: Fire Brand
 66005 | D:17     | Received a gift from Yredelemnul
 66377 | D:17     | Received a gift from Yredelemnul
 66782 | D:18     | Noticed Agnes
 66793 | D:18     | Killed Agnes
 66793 | D:18     | Enslaved Agnes
 66921 | D:18     | Received a gift from Yredelemnul
 67012 | D:18     | Your ally Agnes died
 67071 | D:18     | Received a gift from Yredelemnul
 67184 | D:18     | Found a basalt altar of Yredelemnul.
 67619 | D:19     | Received a gift from Yredelemnul
 67699 | D:19     | Noticed Snorg
 67704 | D:19     | Killed Snorg
 68165 | D:20     | Entered Level 20 of the Dungeon
 68274 | D:20     | Gained mutation: You can breathe flames. [mutagenic meat]
 68275 | D:20     | Lost mutation: You have a pair of antennae on your head. [mutagenic meat]
 68467 | D:20     | Noticed Mennas
 68484 | D:20     | Killed Mennas
 68625 | D:20     | Received a gift from Yredelemnul
 68848 | D:21     | Received a gift from Yredelemnul
 69200 | D:21     | Found a blossoming altar of Fedhas.
 69244 | D:21     | Received a gift from Yredelemnul
 69251 | D:21     | Gained mutation: You are very robust (+20% HP). [demonic ancestry]
 69251 | D:21     | Reached XP level 21. HP: 141/201 MP: 36/36
 69312 | D:21     | Found a radiant altar of Vehumet.
 69348 | D:21     | Reached skill level 19 in Maces & Flails
 69581 | D:21     | Found a white marble altar of Elyvilon.
 69663 | D:21     | Reached skill level 15 in Invocations
 69860 | D:21     | Found a radiant altar of Vehumet.
 70416 | D:21     | Found a deep blue altar of Sif Muna.
 70440 | D:21     | Received a gift from Yredelemnul
 70563 | D:21     | Received a gift from Yredelemnul
 70590 | D:21     | Gained mutation: Armour fits poorly on your strangely shaped body. [mutagenic meat]
 70615 | D:21     | Found a gateway to Hell.
 70943 | D:22     | Received a gift from Yredelemnul
 70964 | D:22     | Lost mutation: Your muscles are strong (Str +1). [mutagenic meat]
 71179 | D:22     | Received a gift from Yredelemnul
 71456 | D:22     | Found a one-way gate to the infinite horrors of the Abyss.
 71591 | D:22     | Gained mutation: Your body is slowly deteriorating. [mutagenic meat]
 71595 | D:22     | Lost mutation: You are clumsy (Dex -2). [mutagenic meat]
 71596 | D:22     | Lost mutation: You occasionally shout uncontrollably. [mutagenic meat]
 71598 | D:22     | Lost mutation: You have a pair of small antennae on your head. [mutagenic meat]
 71660 | D:22     | Paralysed by a sphinx for 5 turns
 71681 | D:22     | Found a one-way gate leading to the halls of Pandemonium.
 73579 | D:23     | Received a gift from Yredelemnul
 73619 | D:23     | Reached skill level 20 in Maces & Flails
 74396 | D:23     | Paralysed by the power of Zot for 2 turns
 74577 | D:24     | Gained mutation: You are extremely robust (+30% HP). [demonic ancestry]
 74577 | D:24     | Reached XP level 22. HP: 160/228 MP: 38/38
 74597 | D:24     | Received a gift from Yredelemnul
 75087 | D:24     | Received a gift from Yredelemnul
 75108 | D:24     | Reached skill level 21 in Maces & Flails
 75255 | D:24     | Got a scintillating amethyst amulet
 75256 | D:24     | Identified the amulet "Brup" {rCorr rN+ Dex-1} (You acquired it on level 24 of the Dungeon)
 75263 | D:24     | Learned a level 1 spell: Summon Butterflies
 75265 | D:24     | Learned a level 1 spell: Apportation
 75668 | D:24     | Received a gift from Yredelemnul
 75829 | D:25     | Entered Level 25 of the Dungeon
 76095 | D:25     | Got a scintillating bronze ring
 76098 | D:25     | Identified the ring "Phaz" {+Inv +Fly rElec rC-} (You found it on level 25 of the Dungeon)
 76173 | D:25     | Cast into the Abyss (deep elf demonologist)
 76202 | Abyss:1  | Noticed a lich
 76219 | Abyss:1  | Killed a lich
 76285 | Abyss:1  | HP: 9/228 [sun demon (5)]
 76309 | Abyss:1  | Noticed a bone dragon
 76329 | Abyss:1  | Killed a bone dragon
 76329 | Abyss:1  | Reached skill level 22 in Maces & Flails
 77948 | Abyss:1  | Gained mutation: Your body is deteriorating. [mutagenic glow]
 78026 | Abyss:2  | Upgraded the game from 0.13-a0-2417-g818e1a6 to 0.13-a0-2450-ga447c6a
 78566 | Abyss:2  | Reached XP level 23. HP: 158/237 MP: 38/38
 79016 | Abyss:3  | Paralysed by accursed screaming for 1 turns
 79029 | Abyss:3  | Lost mutation: You are extremely robust (+30% HP). [a neqoxec]
 79187 | Abyss:3  | Reached skill level 23 in Maces & Flails
 79840 | Abyss:4  | Lost intelligence.
 80072 | Abyss:4  | Killed from afar by a lich

Action                   |  1- 3 |  4- 6 |  7- 9 | 10-12 | 13-15 | 16-18 | 19-21 | 22-24 || total
-------------------------+-------+-------+-------+-------+-------+-------+-------+-------++-------
Melee: Mace              |   177 |    69 |       |       |       |       |       |       ||   246
       Flail             |       |    42 |     2 |       |       |       |       |       ||    44
       Whip              |       |    79 |   427 |  1158 |   966 |       |       |       ||  2630
       Morningstar       |       |       |       |       |   647 |  1983 |   688 |       ||  3318
       Demon whip        |       |       |       |       |       |       |  1193 |  1198 ||  2391
Throw: Stone             |    17 |    13 |    29 |     6 |       |       |       |       ||    65
       Spear             |       |     3 |    30 |       |       |       |       |       ||    33
       Javelin           |       |       |       |     4 |    10 |       |       |       ||    14
 Cast: Fire Brand        |       |       |       |       |       |       |     1 |       ||     1
Invok: Animate Remains   |     6 |     5 |       |       |       |       |       |       ||    11
       Animate Dead      |       |     3 |    10 |    53 |    44 |    14 |    37 |    10 ||   171
       Recall Undead Sla |       |       |       |     3 |    11 |    10 |    12 |     3 ||    39
       Enslave Soul      |       |       |       |       |     6 |     1 |     2 |     1 ||    10
       Drain Life        |       |       |       |       |     5 |     4 |    12 |     3 ||    24
       Injury Mirror     |       |       |       |       |     1 |       |       |       ||     1
       Stop recall       |       |       |       |       |       |       |     1 |       ||     1
 Abil: Spit Poison       |       |     1 |    11 |     7 |     9 |     1 |     1 |       ||    30
       Evoke Flight      |       |       |       |       |       |     1 |       |       ||     1
       Breathe Fire      |       |       |       |       |       |       |     2 |       ||     2
Evoke: Wand              |       |       |       |    34 |    28 |     8 |     7 |     4 ||    81
       Miscellaneous     |       |       |       |     5 |    10 |     3 |     7 |     3 ||    28
  Use: Scroll            |       |    11 |     3 |    20 |    18 |    18 |    31 |     7 ||   108
       Potion            |       |     2 |     3 |     3 |     2 |    11 |     8 |    15 ||    44
 Stab: Distracted        |     1 |     2 |       |    15 |    29 |    11 |    27 |     7 ||    92
       Confused          |       |       |       |     2 |       |       |       |       ||     2
       Paralysed         |       |       |       |     4 |       |     1 |       |     2 ||     7
       Betrayed ally     |       |       |       |     1 |       |       |       |       ||     1
       Fleeing           |       |       |       |       |     1 |     1 |     1 |       ||     3
       Held in net/web   |       |       |       |       |     1 |     1 |       |       ||     2
       Invisible         |       |       |       |       |       |       |       |     4 ||     4
